 Dungeon Crawl Stone Soup version 0.20.1-1-g8b1a95d (webtiles) character file.

30 Folque the Charmwright (level 3, -2/29 HPs)
             Began as a Barachi Skald on Nov 2, 2017.
             Slain by Terence
             ... wielding a cursed -2 flail
              (9 damage)
             ... on level 2 of the Dungeon.
             The game lasted 00:04:48 (1261 turns).

Folque the Charmwright (Barachi Skald)              Turns: 1261, Time: 00:04:49

Health: -2/29      AC:  3    Str: 12    XL:     3   Next: 20%
Magic:  2/7        EV: 12    Int: 13    God:
Gold:   46         SH:  0    Dex: 12    Spells: 3/8 levels left

rFire    . . .     SeeInvis .   a - +0 falchion
rCold    . . .     Gourm    .   (no shield)
rNeg     . . .     Faith    .   b - +0 leather armour
rPois    .         Spirit   .   (no helmet)
rElec    .         Reflect  .   (no cloak)
rCorr    .         Harm     .   (no gloves)
MR       .....                  (no boots)
Stlth    +.........             (no amulet)
Regen    0.1/turn               (no ring)
MPRegen  0.1/turn               (no ring)

@: singing, slow
A: +LOS, swims, slowness 1, strong legs 1
a: Hop


You were on level 2 of the Dungeon.
You were not hungry.

You visited 1 branch of the dungeon, and saw 2 of its levels.

You collected 46 gold pieces.

Inventory:

Hand Weapons
 a - a +0 falchion (weapon)
Armour
 b - a +0 leather armour (worn)
 n - a cursed +0 buckler
Jewellery
 f - an uncursed amulet of rage {unknown}
Scrolls
 e - a scroll of amnesia {unknown}
 m - 2 scrolls of identify {unknown}
 p - a scroll of enchant armour {unknown}
Potions
 g - a potion of heal wounds {unknown}
 j - a potion of might {unknown}
 l - 2 potions of lignification {unknown}
 o - a potion of agility {unknown}
Books
 c - a book of Battle

   Spells                             Type                      Level
   a - Infusion                       Charms                       1
   b - Shroud of Golubria             Charms/Translocation         2
   c - Song of Slaying                Charms                       2
   d - Spectral Weapon                Hexes/Charms                 3
   e - Regeneration                   Charms/Necromancy            3
Comestibles
 d - a bread ration
 h - a royal jelly
 k - a meat ration


   Skills:
 + Level 3.1 Fighting
 - Level 2.4 Long Blades
 - Level 1.2 Armour
 - Level 2.1 Dodging
 * Level 3.2 Spellcasting
 - Level 3.2 Charms


You had 3 spell levels left.
You knew the following spells:

 Your Spells              Type           Power        Failure   Level  Hunger
a - Infusion              Chrm           ##..         8%          1    #......
b - Shroud of Golubria    Chrm/Tloc      #.........   22%         2    ##.....
c - Song of Slaying       Chrm           ##......     11%         2    ##.....


Dungeon Overview and Level Annotations

Branches:
Dungeon (2/15)

Altars:

Annotations:
D:2 Terence


Innate Abilities, Weirdness & Mutations

Shadows flee at your approach. (+LOS)
You can swim through water.
You cover ground slowly.
You can hop short distances.


Message History

You hit the bat.
You kill the bat!
Terence barely misses you.
You riposte.
You barely miss Terence.
Terence is moderately wounded.
You hit Terence.
Terence is heavily wounded.
Terence hits you with a flail.
* * * LOW HITPOINT WARNING * * *
Casting: Song of Slaying
Confirm with . or Enter, or press ? or * to list all spells.
Space distorts slightly along a thin shroud covering your body.
Terence misses you.
You riposte.
You hit Terence.
Terence is severely wounded.
You hit Terence.
Terence is severely wounded.
Terence misses you.
You barely miss Terence.
Terence is severely wounded.
Terence hits you with a flail!
You die...

#### ####
....# #..#
.....#
#.@#......#
#.†@r.....#
#.##......#
#.######.#
......#
#.....<..#
.....#
#........#
.....#
#........#
....#
#.......[#
.....
#........#
....


You could see Terence and a rat.

Vanquished Creatures
  2 dart slugs (D:1)
  5 giant cockroaches (D:1)
  4 hobgoblins
  2 jackals (D:1)
  3 bats
  4 frilled lizards (D:1)
  A goblin (D:1)
  2 kobolds (D:1)
  3 rats (D:1)
26 creatures vanquished.

Notes
Turn   | Place    | Note
-------+----------+-------------------------------------------
     0 | D:1      | Folque the Barachi Skald began the quest for the Orb.
     0 | D:1      | Reached XP level 1. HP: 17/17 MP: 3/3
   428 | D:1      | Reached XP level 2. HP: 23/23 MP: 5/5
   432 | D:1      | Learned a level 2 spell: Shroud of Golubria
   435 | D:1      | Learned a level 2 spell: Song of Slaying
   929 | D:1      | Reached XP level 3. HP: 27/28 MP: 7/7
  1242 | D:2      | Noticed Terence
  1261 | D:2      | Slain by Terence

Skill      XL: |  1  2  3 |
---------------+----------+-----
Spellcasting   | 3 |  3.2
Fighting       | 3 |  3.1
Long Blades    | |  2.4
Armour         | |  1.2
Dodging        | |  2.1
Charms         | |  3.2

Action                   || total
-------------------------++-------
Melee: Falchion          ||    89
 Cast: Infusion          ||     1
       Shroud of Golubri ||     5
       Song of Slaying   ||     4
 Abil: Hop               ||     1
  Eat: Chunk             ||     2
Armor: Leather armour    ||    25
Dodge: Dodged            ||    64
       Rpst.: Falchion   ||    18
